 Dungeon Crawl Stone Soup version 0.19-a0-1670-gc28a5d9 (webtiles) character file.

8946 TheGoonsmith the Destroyer (level 11, -2/78 HPs)
             Began as an Octopode Conjurer on Sept 21, 2016.
             Was an Elder of Sif Muna.
             Slain by Fannar
             ... wielding a +0 quarterstaff of freezing
              (10 damage)
             ... on level 10 of the Dungeon.
             The game lasted 00:29:32 (14905 turns).

TheGoonsmith the Destroyer (Octopode Conjurer)     Turns: 14905, Time: 00:29:33

Health: -2/78      AC:  1    Str:  8    XL:     11   Next: 38%
Magic:  6/20       EV: 18    Int: 24    God:    Sif Muna [****..]
Gold:   224        SH:  0    Dex: 14    Spells: 4 memorised, 10 levels left

rFire  + . .     SeeInvis .     c - +7 dagger (venom)
rCold  + . .     Gourm    .     (no shield)
rNeg   . . .     Faith    .     (helmet restricted)
rPois  +         Spirit   .     M - amulet of magic regeneration
rElec  +         Dismiss  .     h - +5 ring of intelligence
rCorr  +         Reflect  .     J - ring of stealth
MR     .....     Harm     .     (no ring)
Stlth  ++++......               (no ring)
                                (no ring)
                                (no ring)
                                (no ring)
                                (no ring)

@: resistant, drained, divine energy
A: almost no armour, stealthy swim, amphibious, 8 rings, constrict 8, camouflage
1, gelatinous body 1
a: Stop Divine Energy, Channel Magic, Forget Spell, Renounce Religion


You were on level 10 of the Dungeon.
You worshipped Sif Muna.
Sif Muna was greatly pleased with you.
You were hungry.

You visited 2 branches of the dungeon, and saw 11 of its levels.
You also visited: Sewer.

You collected 767 gold pieces.
You spent 543 gold pieces at shops.

Inventory:

Hand Weapons
 c - a +7 dagger of venom (weapon)
 g - a +0 mace of protection
Missiles
 q - 2 throwing nets (quivered)
Jewellery
 h - a +5 ring of intelligence (left tentacle)
 w - the ring "Lagunk" {*Corrode rN+ MR+ Str+3}
   (You acquired it on level 8 of the Dungeon)

   [ring of positive energy]

   It affects your strength (+3).
   It protects you from negative energy.
   It affects your resistance to hostile enchantments.
   It may corrode you when you take damage.
 I - an uncursed amulet of regeneration {unknown}
 J - a ring of stealth (right tentacle)
 M - an amulet of magic regeneration (around mantle)
Wands
 s - a wand of confusion (23/48)
 A - a wand of polymorph (3/24)
 F - a wand of paralysis (24/24)
 Q - a wand of lightning (11/15)
Scrolls
 d - a scroll of blinking
 i - 6 scrolls of teleportation
 j - 3 scrolls of amnesia
 k - 4 scrolls of remove curse
 r - a scroll of identify
 y - a scroll of enchant armour
 L - a scroll of recharging
 R - a scroll of summoning
Potions
 e - 3 potions of magic
 m - a potion of lignification
 o - 6 potions of curing
 p - a potion of agility
 t - a potion of berserk rage
 x - 3 potions of cure mutation
 C - a potion of ambrosia
 E - 2 potions of flight
 G - a potion of degeneration {unknown}
 H - a potion of heal wounds {unknown}
 N - 2 potions of haste {unknown}
 P - 2 potions of might
Books
 a - a book of Conjurations

   Spells                             Type                      Level
   a - Magic Dart                     Conjuration                  1
   b - Searing Ray                    Conjuration                  2
   c - Dazzling Spray                 Conjuration/Hexes            3
   d - Fulminant Prism                Conjuration/Hexes            4
   e - Iskenderun's Mystic Blast      Conjuration                  4
   f - Iskenderun's Battlesphere      Conjuration/Charms           5
 l - a book of Fire

   Spells                             Type                      Level
   a - Ignite Poison                  Fire/Transmutation/Poison    3
   b - Fireball                       Conjuration/Fire             5
   c - Bolt of Fire                   Conjuration/Fire             6
   d - Delayed Fireball               Conjuration/Fire             7
   e - Ring of Flames                 Charms/Fire                  7
 D - a book of Beasts

   Spells                             Type                      Level
   a - Summon Butterflies             Summoning                    1
   b - Call Canine Familiar           Summoning                    3
   c - Summon Ice Beast               Ice/Summoning                4
   d - Summon Mana Viper              Hexes/Summoning              5
   e - Summon Hydra                   Summoning                    7
Comestibles
 b - 2 bread rations
 f - 6 meat rations
 n - 3 fruits
 u - 2 slices of pizza
 v - a beef jerky
 z - a royal jelly
 K - 2 chunks of flesh


   Skills:
 - Level 8.5(8.0) Fighting
 - Level 8.8(8.3) Dodging
 - Level 2.6(2.2) Stealth
 + Level 6.1(5.7) Spellcasting
 * Level 9.8(9.3) Conjurations
 - Level 5.8(5.3) Hexes
 * Level 6.2(5.7) Charms


You had 10 spell levels left.
You knew the following spells:

 Your Spells              Type           Power        Failure   Level  Hunger
a - Magic Dart            Conj           ####         1%          1    None
b - Searing Ray           Conj           ######       1%          2    None
c - Fulminant Prism       Conj/Hex       #####.....   4%          4    ###....
z - Iskenderun's Battles  Conj/Chrm      #####...     14%         5    #####..


Dungeon Overview and Level Annotations

Branches:
Dungeon (10/15)            Temple (1/1) D:6            Lair (0/6) D:8
    Orc (0/2) D:10

Altars:
Ashenzari
Cheibriados
Dithmenos
Elyvilon
Fedhas
Gozag
Hepliaklqana
Kikubaaqudgha
Makhleb
Nemelex Xobeh
Okawaru
Qazlal
Ru
Sif Muna
Trog
Uskayaw
Vehumet
Xom
Yredelemnul
Zin
The Shining One

Shops:
D:4 *   D:7 *   D:8 *   D:9 (*(*

Annotations:
D:10 Fannar


Innate Abilities, Weirdness & Mutations

You cannot wear most types of armour.
You are very stealthy in the water.
You are amphibious.
You can wear up to eight rings at the same time.
You can use your tentacles to constrict eight enemies at once.
Your skin changes colour to match your surroundings (Stealth+).
Your rubbery body absorbs attacks. (AC +1, EV +1)


Message History

Fannar hits you with a quarterstaff of freezing!
Fannar freezes you.
The searing ray hits Fannar.
Fannar is heavily wounded.
You finish channeling your searing ray.
Unknown command.
You closely miss Fannar. Your grab misses Fannar.
Fannar is heavily wounded.
Fannar mumbles some strange words.
You barely miss Fannar. Your grab misses Fannar.
Fannar is heavily wounded.
Fannar gestures wildly while chanting.
Fannar drains the heat from the surrounding environment!
You feel very cold.
* * * LOW HITPOINT WARNING * * *
Fannar is frozen.
Fannar resists.
Fannar is heavily wounded.
You feel protected.
Fannar hits you with a quarterstaff of freezing!
You die...

#########.#
##..[#
..........#
####'###'#
###########
###...## #..
#.'.8.# .8.'
#.#...# ..#
#######.#########
###
#................
####
#.#######.######
(.... #@# .....
#e# ##### #Y# ...
#.. ...# #.## #.#


You could see Fannar and an ice beast.

Vanquished Creatures
  A centaur skeleton (D:10)
  A komodo dragon (D:8)
  A troll (D:9)
  A two-headed ogre (D:10)
  A hippogriff (D:10)
  The ghost of CrazyKiwi the Grasshopper, an amateur VSWr of Cheibriados (D:4)
  Eustachio (D:4)
  A basilisk (D:8)
  3 yaks (D:10)
  2 hungry ghosts
  3 porcupines
  2 black bears
  2 wasps
  3 ice beasts
  8 orc warriors
  A necrophage (D:7)
  3 ogres
  3 centaurs
  2 crocodiles
  4 big kobolds
  13 bullfrogs
  A wyvern skeleton (D:6)
  6 scorpions
  8 killer bees
  9 howler monkeys
  4 crimson imps
  3 bullfrog zombies
  3 hounds
  2 jellies
  A gnoll shaman (D:5)
  9 orc priests
  14 orc wizards
  5 iguanas
  5 worker ants
  2 hound zombies
  A howler monkey zombie (D:5)
  15 gnolls
  2 howler monkey skeletons
  15 adders
  A river rat (D:3)
  A shadow imp (D:7)
  10 oozes
  2 adder zombies
  2 adder skeletons
  4 worms
  3 dart slugs
  19 leopard geckos
  61 orcs
  10 ball pythons
  6 bats
  22 giant cockroaches
  9 goblins
  12 hobgoblins
  13 jackals
  5 quokkas
  15 frilled lizards
  36 kobolds
  2 leopard gecko skeletons
  5 rats
  A plant (D:8)
401 creatures vanquished.

Vanquished Creatures (others)
  An adder skeleton (D:8)
  2 kobolds (D:8)
  18 fulminant prisms
  7 plants (D:8)
28 creatures vanquished.

Grand Total: 429 creatures vanquished

Notes
Turn   | Place    | Note
-------+----------+-------------------------------------------
     0 | D:1      | TheGoonsmith the Octopode Conjurer began the quest for the Orb.
     0 | D:1      | Reached XP level 1. HP: 11/11 MP: 3/3
   176 | D:1      | Reached XP level 2. HP: 17/17 MP: 0/5
   552 | D:1      | Learned a level 2 spell: Searing Ray
   664 | D:1      | Reached XP level 3. HP: 21/21 MP: 3/6
   998 | D:2      | Found a hide-covered altar of Uskayaw.
  1112 | D:2      | Reached XP level 4. HP: 27/27 MP: 1/8
  1213 | D:2      | Reached skill level 5 in Conjurations
  1305 | D:2      | Found a snail-covered altar of Cheibriados.
  1383 | D:2      | Found a blossoming altar of Fedhas.
  1603 | D:2      | Reached XP level 5. HP: 31/31 MP: 5/9
  1644 | D:2      | Learned a level 5 spell: Iskenderun's Battlesphere
  1983 | D:3      | Reached XP level 6. HP: 51/51 MP: 8/10
  2195 | D:3      | Found a glowing drain.
  2199 | Sewer    | Entered a sewer
  2887 | Sewer    | Reached skill level 6 in Conjurations
  2887 | Sewer    | Reached XP level 7. HP: 19/56 MP: 3/12
  3193 | D:3      | Learned a level 4 spell: Fulminant Prism
  3574 | D:3      | Reached skill level 1 in Hexes
  3645 | D:3      | Found a basalt altar of Yredelemnul.
  4229 | D:4      | Noticed CrazyKiwi's ghost (amateur VSWr)
  4235 | D:4      | Killed CrazyKiwi's ghost
  4235 | D:4      | Reached XP level 8. HP: 36/62 MP: 4/14
  4323 | D:4      | Found Vousomya's General Store.
  4328 | D:4      | Noticed Eustachio
  4345 | D:4      | Killed Eustachio
  4392 | D:4      | Found a sparkling altar of Nemelex Xobeh.
  4451 | D:4      | Found a blossoming altar of Fedhas.
  4467 | D:5      | Entered Level 5 of the Dungeon
  4484 | D:5      | Found a sparkling altar of Nemelex Xobeh.
  4783 | D:5      | Found a bloodstained altar of Trog.
  6297 | D:6      | Reached skill level 7 in Conjurations
  6454 | D:6      | Found a staircase to the Ecumenical Temple.
  6468 | Temple   | Entered the Ecumenical Temple
  6715 | D:6      | Found a shadowy altar of Dithmenos.
  6802 | D:6      | Reached XP level 9. HP: 67/67 MP: 8/15
  7397 | D:7      | Found a deep blue altar of Sif Muna.
  7412 | D:7      | Became a worshipper of Sif Muna the Loreminder
  8629 | D:7      | Found Zin's Purification Station.
  8669 | D:7      | Found a glowing silver altar of Zin.
  8703 | D:7      | Reached skill level 5 in Hexes
  8914 | D:7      | Found a white marble altar of Elyvilon.
  8961 | D:7      | Found a radiant altar of Vehumet.
  9193 | D:7      | Reached * piety under Sif Muna
  9287 | D:7      | Reached skill level 1 in Charms
  9604 | D:7      | Found a shimmering altar of Xom.
  9623 | D:8      | Noticed a komodo dragon
  9770 | D:7      | Reached XP level 10. HP: 64/73 MP: 7/17
 10236 | D:8      | Reached skill level 5 in Spellcasting
 10241 | D:8      | Reached skill level 8 in Conjurations
 10759 | D:8      | Reached ** piety under Sif Muna
 10845 | D:8      | Found a deep blue altar of Sif Muna.
 10845 | D:8      | Found an iron altar of Okawaru.
 11412 | D:8      | Found Betzot's General Store.
 11545 | D:8      | Identified a scroll of acquirement
 11546 | D:8      | Got a transparent lead ring
 11547 | D:8      | Identified the ring "Lagunk" {*Corrode rN+ MR+ Str+3} (You acquired it on level 8 of the Dungeon)
 11635 | D:8      | Found a staircase to the Lair.
 12507 | D:9      | Found Hyoqet's Assorted Antiques.
 12511 | D:9      | Reached skill level 9 in Conjurations
 12794 | D:9      | Found Caafeseu's Antique Weapon Emporium.
 12822 | D:9      | Bought a small blue amulet for 140 gold pieces
 12822 | D:9      | Bought a fizzy inky potion for 25 gold pieces
 12822 | D:9      | Bought a smoky amethyst potion for 25 gold pieces
 12822 | D:9      | Bought a scroll labeled RUBLOI SUMUAKUCS for 28 gold pieces
 12822 | D:9      | Bought a cyan potion for 25 gold pieces
 12822 | D:9      | Bought a potion of curing for 84 gold pieces
 12992 | D:9      | Found Jucueryss's Antique Weapon Shoppe.
 13036 | D:9      | Found Icis's General Store.
 13048 | D:9      | Bought a potion of might for 64 gold pieces
 13048 | D:9      | Bought a scroll of summoning for 152 gold pieces
 13099 | D:9      | Reached *** piety under Sif Muna
 13099 | D:9      | Reached XP level 11. HP: 67/78 MP: 13/19
 13185 | D:10     | Entered Level 10 of the Dungeon
 13203 | D:10     | Reached skill level 5 in Charms
 14748 | D:10     | Found a staircase to the Orcish Mines.
 14867 | D:10     | Reached **** piety under Sif Muna
 14893 | D:10     | Noticed Fannar
 14905 | D:10     | Slain by Fannar

Vault maps used:
D:1:      dpeg_arrival_rhombus, serial_bayou_lake_a
D:2:      eat_drink_and_be_merry_uskayaw, cheibriados_altar_1, fedhas_altar_2
D:3:      old_standard_altar, gup_sewer_entry_spiral
D:4:      kennysheep_mini, first_bread, serial_shops, shop,
          nemelex_spade_bored_becter, uniq_eustachio
D:5:      overflow_temple_1_default, nemelex_xobeh_ov_fountains_minmay
D:6:      old_standard_altar
D:7:      marbit_many_paths, zin_purify, lemuel_crystal_altar, vehumet_crystals,
          basic_altar
D:8:      kennysheep_kobold_camp, gammafunk_temple_overflow_wave,
          dpeg_lair_monsters, serial_shops, shop_fountains, minmay_crossroads
D:9:      serial_shops, nicolae_shop_temple_entry_statues_fountains, shop, shop,
          shop_coins
D:10:     hiddenorc2_lemuel, serial_shops, nicolae_shop_stone,
          nicolae_trove_entry_columns, uniq_fannar
Temple:   compressed_dpeg_triangle_lava_temple
Sewer:    sewer_frog_island_02

Skill      XL: |  1  2  3  4  5  6  7  8  9 10 11 |
---------------+----------------------------------+-----
Spellcasting   | 3 4 5 6 |  6.1
Conjurations   | 5 6 7 9 |  9.8
Fighting       | 8 |  8.5
Dodging        | 8 |  8.8
Hexes          | 2 3 5 |  5.8
Charms         | 2 4 6 |  6.2
Stealth        | |  2.6

Action                   |  1- 3 |  4- 6 |  7- 9 | 10-12 || total
-------------------------+-------+-------+-------+-------++-------
Melee: Mace              |    12 |       |       |       ||    12
       Constrict         |    10 |    12 |    38 |    39 ||    99
       Tentacles         |     4 |     5 |    38 |    28 ||    75
       Dagger            |    16 |    49 |   152 |   153 ||   370
 Cast: Magic Dart        |    60 |   118 |   226 |   217 ||   621
       Searing Ray       |       |     3 |    14 |    29 ||    46
       Fulminant Prism   |       |       |     7 |    11 ||    18
Invok: Divine Energy     |       |       |     1 |       ||     1
  Use: Scroll            |       |     9 |     8 |    14 ||    31
       Potion            |       |     1 |       |     2 ||     3
 Stab: Sleeping          |       |     3 |     3 |     1 ||     7
  Eat: Chunk             |       |     6 |    18 |    13 ||    37
       Bread ration      |       |       |     1 |     1 ||     2
Armor: Skin              |       |     2 |     3 |     4 ||     9
Dodge: Dodged            |    18 |    54 |   131 |   190 ||   393
